 Dungeon Crawl Stone Soup version 0.31.0-11-ge490571c62 (webtiles) character file.

Game seed: 3752174060373861859

11 browni3141 the Conjurer (level 2, 0/19 HPs)
             Began as a Demonspawn Conjurer on Jan 30, 2024.
             Slain by a ball python (2 damage)
             ... on level 1 of the Dungeon.
             The game lasted 00:00:20 (432 turns).

browni3141 the Conjurer (Demonspawn Conjurer)        Turns: 432, Time: 00:00:21

Health: 0/19       AC:  2    Str:  7    XL:     2   Next: 13%
Magic:  5/5        EV:  9    Int: 18    God:
Gold:   17         SH:  0    Dex: 11    Spells: 4/5 levels left

rFire   . . .        c - +0 club
rCold   . . .        (no shield)
rNeg    . . .        a - +0 robe
rPois   .            (no helmet)
rElec   .            (no cloak)
rCorr   .            (no gloves)
SInv    .            (no boots)
Will    .....        (no amulet)
Stlth   ++           (no ring)
HPRegen 0.23/turn    (no ring)
MPRegen 0.09/turn

%: no passive effects
@: constricted
A: weakness stinger 1
a: no special abilities


You were on level 1 of the Dungeon.
You visited 1 branch of the dungeon, and saw 1 of its levels.

You collected 17 gold pieces.

Inventory:

Hand Weapons
 c - a +0 club (weapon)
Armour
 a - a +0 robe (worn)
Potions
 b - a potion of magic


   Skills:
 + Level 2.0 Dodging
 + Level 2.0 Stealth
 + Level 2.1 Spellcasting
 + Level 4.1 Conjurations


You had 4 spell levels left.
You knew the following spells:

 Your Spells              Type           Power      Damage    Failure   Level
a - Magic Dart            Conj           64%        1d6       3%          1

Your spell library contained the following spells:

 Spells                   Type           Power      Damage    Failure   Level
 Searing Ray              Conj           32%        2d5       4%          2
 Fulminant Prism          Conj/Alch      4%         3d5       58%         4
 Iskenderun's Mystic Bla  Conj/Tloc      9%         2d4       58%         4


Dungeon Overview and Level Annotations

Branches:
Dungeon (1/15)

Altars:


Innate Abilities, Weirdness & Mutations

You have a small tail.


Message History

The kobold is severely wounded.
The kobold closely misses you.
You barely miss the kobold.
The kobold is severely wounded.
The kobold closely misses you.
You hit the kobold.
You kill the kobold!
Your Dodging skill increases to level 2!
You see here a +0 dagger.
There is an open door here.
HP restored.
A frilled lizard and a hobgoblin come into view.
The hobgoblin shouts!
There are monsters nearby!
There are monsters nearby!
The magic dart hits the hobgoblin.
The hobgoblin is moderately wounded.
The frilled lizard hisses angrily.
The magic dart hits the hobgoblin but does no damage.
The hobgoblin is moderately wounded.
The magic dart hits the hobgoblin.
The hobgoblin is severely wounded.
The hobgoblin barely misses you.
You closely miss the hobgoblin.
The hobgoblin is severely wounded.
A giant cockroach comes into view.
The hobgoblin hits you.
You closely miss the hobgoblin.
The hobgoblin is severely wounded.
The hobgoblin hits you. The hobgoblin barely misses you.
You hit the hobgoblin but do no damage.
The hobgoblin is severely wounded.
The hobgoblin hits you.
You closely miss the hobgoblin.
The hobgoblin is severely wounded.
The hobgoblin hits you but does no damage.
You hit the hobgoblin.
The hobgoblin is almost dead.
The hobgoblin barely misses you. The hobgoblin closely misses you.
You closely miss the hobgoblin.
You punch the hobgoblin, but do no damage.
The hobgoblin is almost dead.
The hobgoblin hits you.
You hit the hobgoblin but do no damage.
The hobgoblin is almost dead.
The hobgoblin closely misses you.
You barely miss the hobgoblin.
The hobgoblin is almost dead.
The hobgoblin hits you. x2
You are too injured to fight recklessly!
Aiming: Magic Dart (safe; 3% risk of failure)
Press: ? - help, Q - select action Shift-Dir - straight line, f/p - hobgoblin
Aim: a hobgoblin (almost dead, 100% to hit)
The magic dart hits the hobgoblin.
You kill the hobgoblin!
You have reached level 2!
You feel monstrous as your demonic heritage exerts itself.
Your demonic ancestry asserts itself...
You grow a small tail.
You closely miss the giant cockroach. The giant cockroach misses you.
You hit the giant cockroach.
The giant cockroach is severely wounded.
The giant cockroach misses you. The giant cockroach barely misses you.
You hit the giant cockroach.
You kill the giant cockroach!
You closely miss the frilled lizard. The frilled lizard bites you. x2
You are too injured to fight recklessly!
You are too injured to fight recklessly!
You are too injured to fight recklessly!
You are too injured to fight recklessly!
You hit the frilled lizard.
You kill the frilled lizard!
A ball python comes into view.
A ball python is nearby!
A ball python is nearby!
The ball python hisses angrily.
The ball python bites you but does no damage.
The ball python grabs you. The ball python constricts you.
The ball python bites you. The ball python constricts you.
The ball python bites you. The ball python constricts you.
The ball python bites you. The ball python constricts you.
The ball python closely misses you. The ball python constricts you.
The ball python closely misses you. The ball python constricts you.
The ball python bites you. The ball python constricts you.
The ball python bites you. The ball python constricts you.
The ball python bites you but does no damage.
The ball python constricts you. The ball python bites you.
The ball python constricts you.
The ball python bites you but does no damage.
The ball python constricts you. The ball python barely misses you.
The ball python constricts you.
The ball python bites you but does no damage.
The ball python constricts you. The ball python bites you.
The ball python constricts you. The ball python bites you.
The ball python constricts you. The ball python barely misses you.
The ball python constricts you.
The ball python bites you but does no damage.
The ball python constricts you. The ball python bites you.
You die...

#.###.###.#.####.....#
#.........#.#####...##
#####.#####........##
#.# ########.# #.# #.#
##.###### ##'##
#.......# ##...##
##..####.# ##)....##
#...@..# ##.......#
#.###S...# #.†.......
#. ......+......... #.
....###......... #.
..#.# ##....>..# ....#
##.....## #.###
##...## #. ##'## #.#


You could see a ball python.

Vanquished Creatures
  A bat (D:1)
  An endoplasm (D:1)
  2 giant cockroaches (D:1)
  A goblin (D:1)
  2 hobgoblins (D:1)
  A frilled lizard (D:1)
  A kobold (D:1)
9 creatures vanquished.

Notes
Turn   | Place    | Note
-------+----------+-------------------------------------------
     0 | D:1      | browni3141 the Demonspawn Conjurer began the quest for the
                  | Orb.
     0 | D:1      | Reached XP level 1. HP: 13/13 MP: 3/3
   303 | D:1      | Discovered your monstrous ancestry.
   303 | D:1      | Gained mutation: You have a small tail. [demonic ancestry]
   303 | D:1      | Reached XP level 2. HP: 2/19 MP: 0/5
   432 | D:1      | Slain by a ball python

Illustrated notes

Levels and vault maps discovered:
D:1:      dpeg_arrival_boxorama, layout_loops_corners,
          hellmonk_ecumenical_altar_defaced_shrine, skrybe_limestone_x

Skill      XL: |  1 |
---------------+----+-----
Stealth        | 2 |  2.0
Dodging        | 2 |  2.0
Spellcasting   | |  2.1
Conjurations   | |  4.1

Action                     || total
---------------------------++-------
  Melee: Club              ||    20
         Punch             ||     1
   Cast: Magic Dart        ||    17
 Armour: Robe              ||    25
  Dodge: Dodged            ||    20
